[Event "ICC tourney 3233 (40 10)"]
[Site "Internet Chess Club"]
[Date "2023.07.08"]
[Round "1"]
[White "SHEN, ETHAN:tinyfold88"]
[Black "Fromm, Alexander Mateo:AlexJoseph2074"]
[Result "1-0"]
[ICCResult "Black checkmated"]
[WhiteElo "1350"]
[BlackElo "674"]
[Opening "Sicilian"]
[ECO "B54"]
[NIC "SI.01"]
[Time "11:04:45"]
[PlyCount "47"]
[TimeControl "2400+10"]

1. e4 c5 2. Nf3 d6 3. d4 cxd4 4. Nxd4 Nc6 5. Nxc6 bxc6 6. Nc3 Nf6 7. Bd3 g6
8. Bd2 Bg7 9. f4 O-O 10. h3 Bd7 11. Qf3 a5 12. g4 Ne8 13. h4 Qc8 14. f5 Nc7
15. h5 e6 16. hxg6 fxg6 17. Qh3 Kf7 18. Qxh7 exf5 19. gxf5 gxf5 20. exf5
Re8+ 21. Ne2 Kf8 22. f6 Bxf6 23. Bh6+ Bg7 24. Qxg7# {Black checkmated} 1-0

[Event "ICC tourney 3233 (40 10)"]
[Site "Internet Chess Club"]
[Date "2023.07.08"]
[Round "1"]
[White "Siemer, Oliver Glen:SaxonburgKnight"]
[Black "GAW, CHRISTIAN:cman-g"]
[Result "1-0"]
[ICCResult "Black checkmated"]
[WhiteElo "1436"]
[BlackElo "1192"]
[Opening "Giuoco Piano"]
[ECO "C54"]
[NIC "IG.02"]
[Time "11:04:47"]
[PlyCount "117"]
[TimeControl "2400+10"]

1. e4 e5 2. Nf3 Nc6 3. Bc4 Bc5 4. c3 Nf6 5. d3 d6 6. h3 h6 7. a4 a5 8. O-O
O-O 9. Be3 Ba7 10. Bxa7 Rxa7 11. Re1 Be6 12. Bb3 Qd7 13. Nbd2 Ra6 14. d4
exd4 15. cxd4 Bxb3 16. Qxb3 Rb6 17. Qc3 Re8 18. Nc4 Rb4 19. Nxa5 Rb6 20. Nc4
Ra6 21. d5 Nxe4 22. dxc6 Rxc6 23. Qd3 Nc5 24. Rxe8+ Qxe8 25. Qe3 Qxe3 26.
Nxe3 Nb3 27. Ra3 Rc1+ 28. Kh2 Nc5 29. Nd2 Kf8 30. b4 Na6 31. Rb3 Ke7 32. Nf3
Ke6 33. Kg3 g5 34. Ng4 Rc4 35. Nxh6 Rxb4 36. Rxb4 Nxb4 37. Nxg5+ Kf6 38.
Ngxf7 Nd5 39. Nd8 b6 40. Nc6 Kg6 41. Ng4 Kf5 42. Ne3+ Nxe3 43. fxe3 d5 44.
h4 Ke6 45. h5 Kf5 46. Kf3 Kg5 47. g4 Kh6 48. e4 dxe4+ 49. Kxe4 Kg5 50. Ke5
Kh6 51. Kf6 Kh7 52. g5 Kh8 53. g6 b5 54. axb5 Kg8 55. Ne7+ Kf8 56. g7+ Ke8
57. g8=Q+ Kd7 58. Qe6+ Kd8 59. Qc8# {Black checkmated} 1-0

[Event "ICC tourney 3233 (40 10)"]
[Site "Internet Chess Club"]
[Date "2023.07.08"]
[Round "1"]
[White "Zhou, Abigail:AbiZ"]
[Black "Whiteside, Oren:NotOwen"]
[Result "1-0"]
[ICCResult "Black checkmated"]
[WhiteElo "1474"]
[BlackElo "1264"]
[Opening "Scandinavian defense"]
[ECO "B01"]
[NIC "SD.01"]
[Time "11:05:43"]
[PlyCount "45"]
[TimeControl "2400+10"]

1. e4 d5 2. exd5 Qxd5 3. Nc3 Qa5 4. d4 Nf6 5. Nf3 Bf5 6. Bd3 Nc6 7. O-O
O-O-O 8. Be3 Ng4 9. d5 Nxe3 10. fxe3 Bxd3 11. Qxd3 Nb4 12. Qf5+ e6 13. Qxf7
exd5 14. a3 Nc6 15. b4 Qb6 16. Nxd5 Rxd5 17. Qxd5 Qxe3+ 18. Kh1 Bd6 19. Rfe1
Qc3 20. Qe6+ Kb8 21. Qe8+ Nd8 22. Qxh8 h6 23. Qxd8# {Black checkmated} 1-0

[Event "ICC tourney 3233 (40 10)"]
[Site "Internet Chess Club"]
[Date "2023.07.08"]
[Round "1"]
[White "Abdurasulov, Nurmukhammad:Nur2010"]
[Black "HIBBS, ROBERT:BotanicalKnight"]
[Result "1-0"]
[ICCResult "Black resigns"]
[WhiteElo "1251"]
[BlackElo "1451"]
[Opening "QGD: 3.Nc3"]
[ECO "D31"]
[NIC "QP.08"]
[Time "11:04:33"]
[PlyCount "80"]
[TimeControl "2400+10"]

1. d4 d5 2. c4 e6 3. Nc3 f5 4. Nf3 Nf6 5. Bg5 Be7 6. e3 c6 7. Bd3 O-O 8. O-O
Ne4 9. Bxe7 Qxe7 10. Rc1 Nd7 11. Nd2 Ndf6 12. Ndxe4 fxe4 13. Be2 Bd7 14. Qb3
Rab8 15. f3 exf3 16. Bxf3 Kh8 17. e4 dxe4 18. Nxe4 Nxe4 19. Bxe4 b6 20. Rce1
Rxf1+ 21. Rxf1 Rf8 22. Rxf8+ Qxf8 23. Qf3 Qxf3 24. Bxf3 Kg8 25. Kf2 Kf7 26.
Ke3 Kf6 27. h4 h6 28. g4 Be8 29. b4 Bd7 30. c5 b5 31. Ke4 Be8 32. g5+ hxg5
33. hxg5+ Kxg5 34. Ke5 Kg6 35. Kxe6 Bf7+ 36. Kd6 Bxa2 37. Bxc6 a5 38. bxa5
b4 39. a6 Kf5 40. a7 b3 {Black resigns} 1-0

[Event "ICC tourney 3233 (40 10)"]
[Site "Internet Chess Club"]
[Date "2023.07.08"]
[Round "1"]
[White "GAW, ZACHARY:zman-g"]
[Black "WU, DARREN:chessboy111"]
[Result "1/2-1/2"]
[ICCResult "Game drawn by mutual agreement"]
[WhiteElo "1099"]
[BlackElo "1373"]
[Opening "Caro-Kann: Steinitz variation"]
[ECO "B17"]
[NIC "CK.09"]
[Time "11:04:38"]
[PlyCount "125"]
[TimeControl "2400+10"]

1. e4 c6 2. d4 d5 3. Nc3 dxe4 4. Nxe4 Nd7 5. Bc4 Ngf6 6. Ng5 e6 7. Qe2 Nb6
8. Qd3 Be7 9. N5f3 O-O 10. Ne2 h6 11. O-O Bd6 12. Bf4 Bxf4 13. Nxf4 Nxc4 14.
Qxc4 Nd5 15. Nxd5 cxd5 16. Qe2 Qc7 17. c3 a6 18. Rac1 b5 19. Qe5 Qe7 20.
Rfe1 Bb7 21. Qg3 Rac8 22. b4 Qc7 23. Qxc7 Rxc7 24. Re3 Rfc8 25. Nd2 Ra8 26.
Nb3 Bc6 27. Na5 Bd7 28. a3 Kh7 29. Rf3 f6 30. Re3 g6 31. Rf3 Kg7 32. Re1 f5
33. Kf1 g5 34. Rfe3 Kf6 35. g3 Bc8 36. Kg2 g4 37. R1e2 Raa7 38. Re1 Rg7 39.
Nc6 Ra8 40. Na5 Rg5 41. Nb3 Rg6 42. Na5 Rg5 43. R1e2 Rg7 44. Re5 Rg5 45. Nb3
Rg6 46. Na5 Rg5 47. R5e3 Rg7 48. Re1 Rg5 49. R3e2 Ra7 50. Nc6 Rc7 51. Na5
Rxc3 52. Re3 Rc7 53. R1e2 Rgg7 54. Rd2 Rc1 55. Rde2 Rgc7 56. Nb3 R1c2 57.
Nc5 Rxe2 58. Rxe2 Ke7 59. Kf1 Kd6 60. Kg2 Ra7 61. Nb3 Bd7 62. Kh1 Rc7 63.
Nc5 {Game drawn by mutual agreement} 1/2-1/2

[Event "ICC tourney 3233 (40 10)"]
[Site "Internet Chess Club"]
[Date "2023.07.08"]
[Round "1"]
[White "MOSCHOS, MIKE:MikeVillages57"]
[Black "JAIN, ANKITA:AnkitaJ"]
[Result "0-1"]
[ICCResult "White resigns"]
[WhiteElo "1284"]
[BlackElo "1485"]
[Opening "French: Rubinstein variation"]
[ECO "C03"]
[NIC "FR.07"]
[Time "11:04:40"]
[PlyCount "160"]
[TimeControl "2400+10"]

1. e4 e6 2. d4 d5 3. Nd2 dxe4 4. Nxe4 Nd7 5. Nf3 Ngf6 6. Bg5 Be7 7. Bd3 b6
8. O-O Bb7 9. Re1 h6 10. Bh4 O-O 11. c3 Nxe4 12. Bxe7 Nxc3 13. Bxd8 Nxd1 14.
Bxc7 Rfc8 15. Raxd1 Bxf3 16. Rc1 Bb7 17. Bg3 Nf6 18. f3 Nh5 19. Be5 g5 20.
Bb5 Bd5 21. a3 Ng7 22. Bd3 Ne8 23. Ba6 Rd8 24. Bd3 h5 25. Rf1 f6 26. Bc7
Rdc8 27. Bg3 Kf7 28. Ba6 Rd8 29. Bf2 Rd7 30. Bb5 Re7 31. Rfe1 Nd6 32. Bd3 a6
33. Bg3 Nb7 34. Bf2 b5 35. Bg3 Rd8 36. Bc7 Rdd7 37. Bg3 h4 38. Bf2 Rd8 39.
Be4 Na5 40. Bxd5 Rxd5 41. Rc5 Red7 42. Rxd5 Rxd5 43. Rd1 Nb3 44. Rd3 Na5 45.
Kf1 Nc4 46. b4 e5 47. Ke2 Ke6 48. g3 hxg3 49. hxg3 Nb2 50. Rd2 Nc4 51. Rd3
Nd6 52. Rd2 e4 53. f4 gxf4 54. gxf4 Nc4 55. Ra2 Kf5 56. Ra1 Kxf4 57. Rh1
Nxa3 58. Rh2 Nc2 59. Rh4+ Kf5 60. Rh5+ Ke6 61. Rh8 Nxd4+ 62. Ke3 Nc2+ 63.
Kxe4 Re5+ 64. Kf4 Nxb4 65. Re8+ Kd7 66. Rxe5 fxe5+ 67. Ke4 Kd6 68. Bb6 Nc6
69. Kd3 a5 70. Be3 Kd5 71. Bd2 b4 72. Kc2 a4 73. Kb2 Kc4 74. Be3 e4 75. Bf4
Nd4 76. Be3 Nf5 77. Bc1 e3 78. Ka2 e2 79. Bd2 Nd4 80. Kb2 Nf3 {White
resigns} 0-1

[Event "ICC tourney 3233 (40 10)"]
[Site "Internet Chess Club"]
[Date "2023.07.08"]
[Round "2"]
[White "SHEN, ETHAN:tinyfold88"]
[Black "Zhou, Abigail:AbiZ"]
[Result "0-1"]
[ICCResult "White checkmated"]
[WhiteElo "1350"]
[BlackElo "1474"]
[Opening "Scotch game"]
[ECO "C45"]
[NIC "SO.05"]
[Time "13:15:22"]
[PlyCount "126"]
[TimeControl "2400+10"]

1. e4 e5 2. Nf3 Nc6 3. d4 exd4 4. Nxd4 Bc5 5. Nxc6 Qf6 6. Qf3 dxc6 7. Nc3
Be6 8. Be2 O-O-O 9. Qxf6 Nxf6 10. Bg5 Bd4 11. O-O-O h6 12. Bh4 g5 13. Bg3
Bxc3 14. bxc3 Nxe4 15. c4 f5 16. f3 Nc3 17. Rxd8+ Rxd8 18. Bd3 Nxa2+ 19. Kd2
Bxc4 20. Ke3 Bxd3 21. cxd3 f4+ 22. Bxf4 gxf4+ 23. Kxf4 Rxd3 24. Ra1 Nb4 25.
Rxa7 Na6 26. Ra8+ Kd7 27. g4 Rd6 28. h4 Nc5 29. g5 Ne6+ 30. Kf5 hxg5 31.
hxg5 Rd5+ 32. Kf6 Nxg5 33. f4 Ne4+ 34. Kf7 Rf5+ 35. Kg6 Rxf4 36. Ra4 b5 37.
Rb4 Ke6 38. Rd4 c5 39. Rd3 c4 40. Re3 Kd5 41. Ra3 Rf6+ 42. Kg7 b4 43. Re3
Rb6 44. Kf7 c3 45. Ke7 b3 46. Kd7 c5 47. Kc7 Rb4 48. Kd7 Kd4 49. Kc6 Kxe3
50. Kd5 c2 51. Ke5 c1=Q 52. Kd5 Rd4+ 53. Ke5 Qa3 54. Kf5 Rd5+ 55. Ke6 Nc3
56. Ke7 Qa7+ 57. Ke6 Qa6+ 58. Ke7 Re5+ 59. Kd7 Qe6+ 60. Kd8 Qe7+ 61. Kc8 Nb5
62. Kb8 Qc7+ 63. Ka8 Re8# {White checkmated} 0-1

[Event "ICC tourney 3233 (40 10)"]
[Site "Internet Chess Club"]
[Date "2023.07.08"]
[Round "2"]
[White "VUYYURU, SHRIYAN:loudcertainlava"]
[Black "Abdurasulov, Nurmukhammad:Nur2010"]
[Result "0-1"]
[ICCResult "White checkmated"]
[WhiteElo "1472"]
[BlackElo "1251"]
[Opening "QGD Slav: 4.e3 Bf5"]
[ECO "D12"]
[NIC "QP.06"]
[Time "13:15:27"]
[PlyCount "76"]
[TimeControl "2400+10"]

1. d4 Nf6 2. Nf3 d5 3. c4 c6 4. e3 Bf5 5. Nc3 e6 6. Bd2 Nbd7 7. Be2 dxc4 8.
Bxc4 b5 9. Be2 a5 10. a3 b4 11. axb4 axb4 12. Rxa8 Qxa8 13. Na4 Be7 14. O-O
Ne4 15. b3 O-O 16. Qe1 Qb7 17. h3 Rc8 18. g4 Bg6 19. Nh2 Kh8 20. f3 Bh4 21.
Qxh4 Nxd2 22. f4 Nxf1 23. Nxf1 c5 24. dxc5 Bc2 25. Bc4 h6 26. g5 Qf3 27.
gxh6 gxh6 28. Qxh6+ Bh7 29. Nh2 Rg8+ 30. Ng4 f5 31. Bxe6 Rg6 32. Qh4 Qxe3+
33. Kh2 Qxe6 34. Ne5 Nxe5 35. Qd8+ Rg8 36. Qd4 Qg6 37. Qxe5+ Rg7 38. Qe2
Qg1# {White checkmated} 0-1

[Event "ICC tourney 3233 (40 10)"]
[Site "Internet Chess Club"]
[Date "2023.07.08"]
[Round "2"]
[White "Chiappetta, Graydon:loopy"]
[Black "GAW, ZACHARY:zman-g"]
[Result "1/2-1/2"]
[ICCResult "Game drawn because neither player has mating material"]
[WhiteElo "860"]
[BlackElo "1099"]
[Opening "Inverted Hungarian"]
[ECO "C44"]
[NIC "KP.10"]
[Time "13:15:18"]
[PlyCount "109"]
[TimeControl "2400+10"]

1. e4 e5 2. Nf3 Nc6 3. Be2 Bc5 4. O-O Nf6 5. d3 h6 6. Bd2 O-O 7. Qc1 Kh7 8.
c3 d6 9. b4 Bb6 10. a4 a5 11. b5 Ne7 12. Nh4 Bg4 13. Re1 Bxe2 14. Rxe2 Qd7
15. c4 Qg4 16. Nf3 Ng6 17. Qf1 Nh4 18. Nxh4 Qxh4 19. g3 Qg4 20. Re1 Qf3 21.
Nc3 Ng4 22. Re2 Qxd3 23. h3 Qxg3+ 24. Qg2 Qxg2+ 25. Kxg2 Nf6 26. f3 Rfe8 27.
Nd5 Nxd5 28. cxd5 Rac8 29. h4 c6 30. bxc6 bxc6 31. Rc1 cxd5 32. Rxc8 Rxc8
33. exd5 Rc5 34. Be3 Rxd5 35. Bxb6 Kg6 36. Kh3 Rd3 37. Rg2+ Kh7 38. Kg4 Ra3
39. Bc7 Rxa4+ 40. Kh3 Rf4 41. Rg3 Rd4 42. Bxa5 Rd5 43. Bd8 Rd3 44. Be7 e4
45. fxe4 Rxg3+ 46. Kxg3 Kg6 47. Bxd6 Kf6 48. Kf4 g6 49. e5+ Ke6 50. Bb8 f6
51. exf6 Kxf6 52. Be5+ Ke6 53. Bg7 g5+ 54. hxg5 hxg5+ 55. Kxg5
{Game drawn because neither player has mating material}
1/2-1/2

[Event "ICC tourney 3233 (40 10)"]
[Site "Internet Chess Club"]
[Date "2023.07.08"]
[Round "2"]
[White "GAW, CHRISTIAN:cman-g"]
[Black "MOSCHOS, MIKE:MikeVillages57"]
[Result "1-0"]
[ICCResult "Black resigns"]
[WhiteElo "1192"]
[BlackElo "1284"]
[Opening "French: Steinitz variation"]
[ECO "C11"]
[NIC "FR.04"]
[Time "13:15:36"]
[PlyCount "111"]
[TimeControl "2400+10"]

1. e4 e6 2. d4 d5 3. Nc3 Nf6 4. e5 Nfd7 5. Nf3 c5 6. Be2 cxd4 7. Qxd4 Nc6 8.
Qd1 Ncxe5 9. Nxe5 Nxe5 10. Bf4 Nc6 11. Bb5 Bd7 12. Qe2 a6 13. Ba4 Be7 14.
Bxc6 Bxc6 15. O-O d4 16. Ne4 Bb5 17. Qg4 Rg8 18. Rfe1 Bd7 19. Nd6+ Bxd6 20.
Bxd6 Rc8 21. Qxd4 Rxc2 22. Qd3 Rc6 23. Qxh7 Rxd6 24. Qxg8+ Ke7 25. Qxd8+
Kxd8 26. Rad1 Rc6 27. Rd2 Ke7 28. Red1 Rc7 29. f3 Bc6 30. Kf2 Bd5 31. a3 Bb3
32. Re1 Rc6 33. Re3 Bc2 34. Rc3 Rxc3 35. bxc3 Ba4 36. Ke3 Bc6 37. g3 f6 38.
f4 f5 39. h4 Be4 40. Rd4 Bc6 41. Kd3 Bg2 42. c4 Bc6 43. Kc3 Bf3 44. Kb4 Be4
45. g4 Bc2 46. gxf5 exf5 47. c5 Be4 48. a4 Bc6 49. Rd6 Bd7 50. Ka5 Be8 51.
Rb6 Bc6 52. Rxc6 bxc6 53. Kxa6 Kd7 54. Kb7 g6 55. a5 g5 56. hxg5 {Black
resigns} 1-0

[Event "ICC tourney 3233 (40 10)"]
[Site "Internet Chess Club"]
[Date "2023.07.08"]
[Round "2"]
[White "WU, DARREN:chessboy111"]
[Black "KINKUS, SAM E:Grandslam34"]
[Result "1-0"]
[ICCResult "Black resigns"]
[WhiteElo "1373"]
[BlackElo "935"]
[Opening "Scandinavian (center counter) defense"]
[ECO "B01"]
[NIC "SD.01"]
[Time "13:15:23"]
[PlyCount "101"]
[TimeControl "2400+10"]

1. e4 d5 2. exd5 Qxd5 3. Nc3 Qa5 4. d4 Nf6 5. Bd3 c6 6. Nf3 Bf5 7. O-O Bg4
8. Bd2 Qc7 9. Be2 Nbd7 10. Be3 Nd5 11. Nxd5 cxd5 12. Qd3 e6 13. Rac1 Bxf3
14. Bxf3 b5 15. b3 Ba3 16. Rcd1 a6 17. c4 Bd6 18. cxd5 Bxh2+ 19. Kh1 Bf4 20.
dxe6 fxe6 21. Bxf4 Qxf4 22. Bxa8 O-O 23. Be4 Nf6 24. Bf3 Qh4+ 25. Kg1 Ng4
26. Bxg4 Qxg4 27. Qh3 Qxh3 28. gxh3 Rf6 29. d5 exd5 30. Rxd5 Kf7 31. Rfd1
Ke7 32. Rd7+ Kf8 33. Rd8+ Kf7 34. R1d7+ Kg6 35. Rd6 Kf7 36. Rxf6+ Kxf6 37.
Rd6+ Ke5 38. Rxa6 Kd5 39. a4 bxa4 40. bxa4 Kc5 41. Kg2 Kb4 42. Kf3 g5 43.
Ke4 h5 44. Kd5 g4 45. hxg4 h4 46. g5 h3 47. Rh6 h2 48. g6 h1=Q+ 49. Rxh1
Kxa4 50. g7 Kb5 51. g8=Q {Black resigns} 1-0

[Event "ICC tourney 3233 (40 10)"]
[Site "Internet Chess Club"]
[Date "2023.07.08"]
[Round "2"]
[White "HIBBS, ROBERT:BotanicalKnight"]
[Black "Whiteside, Oren:NotOwen"]
[Result "1-0"]
[ICCResult "Black checkmated"]
[WhiteElo "1451"]
[BlackElo "1264"]
[Opening "Scandinavian (center counter) defense"]
[ECO "B01"]
[NIC "VO.17"]
[Time "13:15:28"]
[PlyCount "133"]
[TimeControl "2400+10"]

1. e4 d5 2. e5 c5 3. f4 Nc6 4. Nf3 Bf5 5. d3 e6 6. g3 Nge7 7. Nc3 Nd4 8. h3
h6 9. Bg2 Qb6 10. g4 Bh7 11. O-O Nec6 12. Kh1 c4 13. Be3 cxd3 14. cxd3 Bc5
15. Na4 Qb4 16. Nxc5 Qxc5 17. Rc1 Qb4 18. a3 Qxb2 19. Nxd4 Nxd4 20. Qa4+ Qb5
21. Qxd4 Bxd3 22. Rf2 b6 23. Bf1 Bxf1 24. Rfxf1 O-O 25. f5 Qe2 26. Qd2 Qa6
27. f6 Qxa3 28. fxg7 Rfd8 29. Rc3 Qe7 30. Bxh6 Qb4 31. Rcf3 Qe4 32. Qf4 Qxf4
33. Rxf4 Rd7 34. g5 Rb8 35. h4 Rbb7 36. h5 a5 37. g6 b5 38. gxf7+ Rxf7 39.
Rxf7 Rxf7 40. Rxf7 Kxf7 41. Kg2 b4 42. Bd2 Kxg7 43. Kf3 a4 44. Bxb4 Kh6 45.
Kg4 d4 46. Bf8+ Kh7 47. Kf3 a3 48. Bxa3 Kh6 49. Ke4 d3 50. Kxd3 Kxh5 51. Kd4
Kg4 52. Kc5 Kf5 53. Kd6 Kg6 54. Kxe6 Kg7 55. Ke7 Kg8 56. e6 Kh7 57. Bd6 Kg6
58. Bb8 Kg7 59. Kd8 Kf8 60. e7+ Kg7 61. e8=Q Kh7 62. Kc7 Kh6 63. Qg8 Kh5 64.
Kd6 Kh4 65. Ke5 Kh5 66. Kf5 Kh6 67. Qg6# {Black checkmated} 1-0

[Event "ICC tourney 3233 (40 10)"]
[Site "Internet Chess Club"]
[Date "2023.07.08"]
[Round "2"]
[White "JAIN, ANKITA:AnkitaJ"]
[Black "Siemer, Oliver Glen:SaxonburgKnight"]
[Result "1-0"]
[ICCResult "Black resigns"]
[WhiteElo "1485"]
[BlackElo "1436"]
[Opening "King's Indian: Petrosian system"]
[ECO "E92"]
[NIC "KI.17"]
[Time "13:15:20"]
[PlyCount "159"]
[TimeControl "2400+10"]

1. d4 Nf6 2. c4 g6 3. Nc3 Bg7 4. e4 d6 5. Nf3 O-O 6. Be2 e5 7. d5 c5 8. Bg5
h5 9. a3 Qe8 10. Qc2 Nh7 11. h4 f5 12. Bd3 f4 13. Nb5 Qd7 14. Qa4 a6 15. b4
b6 16. bxc5 bxc5 17. Rb1 Nf6 18. Qa5 Rf7 19. Ke2 Bb7 20. Nc3 Qc7 21. Qxc7
Rxc7 22. Rb6 Ne8 23. Rhb1 Ra7 24. Bc2 Nd7 25. R6b2 Bc8 26. Ba4 Nef6 27. Bc6
Nf8 28. a4 Bd7 29. Rb6 N8h7 30. a5 Bxc6 31. dxc6 Ra8 32. Nd5 Nxd5 33. cxd5
Nf6 34. Rb8+ Rc8 35. R8b7 Nxe4 36. R1b6 Nc3+ 37. Kd2 Nxd5 38. c7 Rxc7 39.
Rxc7 Nxc7 40. Rxd6 e4 41. Ne1 Re8 42. Bxf4 Ne6 43. Bg5 Nxg5 44. hxg5 Ra8 45.
Rxg6 Kf7 46. Rc6 Rd8+ 47. Kc2 Bd4 48. Rxa6 Bxf2 49. Rf6+ Kg7 50. Rxf2 Ra8
51. Re2 Rxa5 52. Rxe4 Kg6 53. Re5 Ra4 54. Rxc5 Rg4 55. Kd2 Rg3 56. Ke2 Ra3
57. Nf3 Ra2+ 58. Nd2 Ra4 59. Rd5 Ra3 60. Kf2 Ra2 61. Kg3 Ra3+ 62. Nf3 Ra4
63. Rd4 Ra5 64. Rf4 Ra3 65. Rf6+ Kg7 66. Rh6 Ra4 67. Rxh5 Ra6 68. Rh4 Rg6
69. Kg4 Ra6 70. Kh5 Ra2 71. g3 Ra3 72. Rf4 Ra6 73. Rf6 Ra5 74. Nh4 Kh8 75.
Kh6 Ra8 76. g6 Rg8 77. g7+ Rxg7 78. Ng6+ Rxg6+ 79. Kxg6 Kg8 80. g4
{Black resigns}
1-0

[Event "ICC tourney 3233 (40 10)"]
[Site "Internet Chess Club"]
[Date "2023.07.08"]
[Round "3"]
[White "Siemer, Oliver Glen:SaxonburgKnight"]
[Black "Chiappetta, Graydon:loopy"]
[Result "1-0"]
[ICCResult "Black checkmated"]
[WhiteElo "1436"]
[BlackElo "860"]
[Opening "Scotch gambit: Benima defense"]
[ECO "C50"]
[NIC "IG.03"]
[Time "15:30:09"]
[PlyCount "65"]
[TimeControl "2400+10"]

1. e4 e5 2. Nf3 Nc6 3. Bc4 Be7 4. d4 exd4 5. Nxd4 Nf6 6. Nc3 O-O 7. O-O d6
8. h3 Bd7 9. Re1 Qc8 10. Be3 Bxh3 11. gxh3 Qxh3 12. Qf3 Qd7 13. Nd5 Na5 14.
Bb3 Nxb3 15. axb3 c5 16. Nf5 Nxd5 17. exd5 Bf6 18. c3 b5 19. Ra6 g6 20. Rxd6
Qxf5 21. Qxf5 gxf5 22. Rxf6 Rfe8 23. Rd1 Re4 24. Rxf5 Rg4+ 25. Kh2 Re8 26.
Rg5+ Rxg5 27. Bxg5 Re2 28. d6 Rxf2+ 29. Kg3 Rxb2 30. d7 Rxb3 31. d8=Q+ Kg7
32. Qf6+ Kg8 33. Rd8# {Black checkmated} 1-0

[Event "ICC tourney 3233 (40 10)"]
[Site "Internet Chess Club"]
[Date "2023.07.08"]
[Round "3"]
[White "GAW, CHRISTIAN:cman-g"]
[Black "HIBBS, ROBERT:BotanicalKnight"]
[Result "1-0"]
[ICCResult "Black checkmated"]
[WhiteElo "1192"]
[BlackElo "1451"]
[Opening "Caro-Kann: Steinitz variation"]
[ECO "B17"]
[NIC "CK.08"]
[Time "15:30:25"]
[PlyCount "41"]
[TimeControl "2400+10"]

1. e4 c6 2. d4 d5 3. Nc3 dxe4 4. Nxe4 Nd7 5. Nf3 Ngf6 6. Nxf6+ Nxf6 7. Bc4
Bf5 8. Bf4 e6 9. O-O Be7 10. Bd3 Bg4 11. h3 Bh5 12. Qe2 O-O 13. c3 c5 14.
dxc5 Bxc5 15. Rad1 Qb6 16. b4 Be7 17. Be3 Qc7 18. Bg5 Qxc3 19. Bxf6 Bxf6 20.
Qe4 Bxf3 21. Qxh7# {Black checkmated} 1-0

[Event "ICC tourney 3233 (40 10)"]
[Site "Internet Chess Club"]
[Date "2023.07.08"]
[Round "3"]
[White "GAW, ZACHARY:zman-g"]
[Black "SHEN, ETHAN:tinyfold88"]
[Result "0-1"]
[ICCResult "White checkmated"]
[WhiteElo "1099"]
[BlackElo "1350"]
[Opening "Sicilian: dragon variation"]
[ECO "B70"]
[NIC "SI.15"]
[Time "15:30:14"]
[PlyCount "56"]
[TimeControl "2400+10"]

1. e4 c5 2. Nf3 d6 3. d4 cxd4 4. Nxd4 Nf6 5. Nc3 g6 6. Bc4 Bg7 7. O-O O-O 8.
Be3 Nc6 9. Nxc6 bxc6 10. Qd2 c5 11. Rfe1 Qb6 12. b3 Qb4 13. a3 Qa5 14. Nd5
Qxd2 15. Bxd2 Nxd5 16. Bxd5 Rb8 17. Rab1 e6 18. Bc4 Bb7 19. Bf4 Rbd8 20.
Rbd1 d5 21. exd5 exd5 22. Bg5 f6 23. Re7 dxc4 24. Rxd8 Rxd8 25. h3 cxb3 26.
Rxb7 fxg5 27. Rxb3 Be5 28. Rb7 Rd1# {White checkmated} 0-1

[Event "ICC tourney 3233 (40 10)"]
[Site "Internet Chess Club"]
[Date "2023.07.08"]
[Round "3"]
[White "Whiteside, Oren:NotOwen"]
[Black "KINKUS, SAM E:Grandslam34"]
[Result "1-0"]
[ICCResult "Black resigns"]
[WhiteElo "1264"]
[BlackElo "935"]
[Opening "Scandinavian (center counter) defense"]
[ECO "B01"]
[NIC "SD.01"]
[Time "15:30:07"]
[PlyCount "47"]
[TimeControl "2400+10"]

1. e4 d5 2. exd5 Qxd5 3. Nc3 Qa5 4. Nf3 Nf6 5. d4 c6 6. Bd3 Bg4 7. h3 Bh5 8.
O-O e6 9. Bd2 Qc7 10. Ne4 Nxe4 11. Bxe4 Nd7 12. c3 Nf6 13. Bd3 Bd6 14. a4
Nd5 15. Re1 Nf4 16. Bxf4 Bxf4 17. g4 Bg6 18. Bxg6 hxg6 19. Kg2 O-O-O 20. b4
Rxh3 21. Kxh3 Rh8+ 22. Kg2 Rh2+ 23. Nxh2 Bxh2 24. Rh1 {Black resigns} 1-0

[Event "ICC tourney 3233 (40 10)"]
[Site "Internet Chess Club"]
[Date "2023.07.08"]
[Round "3"]
[White "Fromm, Alexander Mateo:AlexJoseph2074"]
[Black "VUYYURU, SHRIYAN:loudcertainlava"]
[Result "0-1"]
[ICCResult "White checkmated"]
[WhiteElo "674"]
[BlackElo "1472"]
[Opening "Queen's pawn"]
[ECO "A40"]
[NIC "QO.17"]
[Time "15:30:18"]
[PlyCount "96"]
[TimeControl "2400+10"]

1. d4 e6 2. Bf4 d5 3. e3 c5 4. c3 Nc6 5. Nf3 Bd7 6. Bd3 Nf6 7. Nbd2 Be7 8.
Ne5 cxd4 9. cxd4 O-O 10. O-O Rc8 11. a3 a6 12. Rb1 b5 13. b4 h6 14. Nxc6
Bxc6 15. h3 Ne4 16. Qe2 Nc3 17. Bh7+ Kxh7 18. Qd3+ Ne4 19. f3 f5 20. fxe4
dxe4 21. Qe2 Bd5 22. Nb3 Bc4 23. Qe1 Bxf1 24. Qxf1 Qd5 25. Qf2 Qc4 26. Be5
Qc2 27. Nd2 Bg5 28. g3 Rc3 29. Re1 Rxa3 30. h4 Be7 31. Kg2 Ra2 32. Re2 Bxb4
33. Kh3 Bxd2 34. Qf4 Qd1 35. Rf2 Qg4+ 36. Qxg4 fxg4+ 37. Kxg4 Rxf2 38. Bf4
b4 39. Kh3 b3 40. Kg4 b2 41. Kh3 b1=Q 42. Kg4 Qd1+ 43. Kh3 Rh2+ 44. Kxh2
Bxe3+ 45. Kh3 Qf1+ 46. Kg4 Qf3+ 47. Kh3 h5 48. Bxe3 Qg4# {White checkmated}
0-1

[Event "ICC tourney 3233 (40 10)"]
[Site "Internet Chess Club"]
[Date "2023.07.08"]
[Round "3"]
[White "Zhou, Abigail:AbiZ"]
[Black "JAIN, ANKITA:AnkitaJ"]
[Result "0-1"]
[ICCResult "White checkmated"]
[WhiteElo "1474"]
[BlackElo "1485"]
[Opening "French: Rubinstein variation"]
[ECO "C10"]
[NIC "FR.07"]
[Time "15:30:14"]
[PlyCount "80"]
[TimeControl "2400+10"]

1. e4 e6 2. d4 d5 3. Nc3 dxe4 4. Nxe4 Nd7 5. Nf3 Ngf6 6. Bd3 Nxe4 7. Bxe4
Nf6 8. Bd3 h6 9. O-O Bd6 10. Bd2 O-O 11. Re1 b6 12. Ne5 Bb7 13. Qe2 Be7 14.
c3 Qd5 15. f3 Rad8 16. b3 c5 17. Bc4 Qd6 18. dxc5 Qxd2 19. c6 Bc8 20. c7
Qxe2 21. Rxe2 Rd6 22. f4 Ne8 23. f5 Nxc7 24. Rae1 Bf6 25. fxe6 Bxe6 26. Kf2
Bxe5 27. Bxe6 fxe6+ 28. Kg1 Bxc3 29. Rc1 Bd4+ 30. Kh1 Bc5 31. h3 Rfd8 32.
Ree1 Nd5 33. Kh2 Nf4 34. Rf1 e5 35. Rce1 Rd2 36. Rxe5 g5 37. h4 Rxg2+ 38.
Kh1 Rdd2 39. Re8+ Kf7 40. Ra8 Rh2# {White checkmated} 0-1

[Event "ICC tourney 3233 (40 10)"]
[Site "Internet Chess Club"]
[Date "2023.07.08"]
[Round "3"]
[White "Abdurasulov, Nurmukhammad:Nur2010"]
[Black "WU, DARREN:chessboy111"]
[Result "1-0"]
[ICCResult "Black resigns"]
[WhiteElo "1251"]
[BlackElo "1373"]
[Opening "Nimzo-Indian: classical variation"]
[ECO "E32"]
[NIC "NI.24"]
[Time "15:30:07"]
[PlyCount "49"]
[TimeControl "2400+10"]

1. d4 Nf6 2. c4 e6 3. Nc3 Bb4 4. Qc2 O-O 5. e4 d5 6. e5 Ne8 7. Nf3 b6 8. Bd3
h6 9. O-O dxc4 10. Bxc4 Bxc3 11. bxc3 Kh8 12. Ba3 Rg8 13. Qe4 c6 14. Bd3 g6
15. h4 Qd5 16. Qe3 Kg7 17. c4 Qd7 18. h5 gxh5 19. Qe4 Rh8 20. Qh4 f5 21.
exf6+ Nxf6 22. Ne5 Qd8 23. Rfe1 Nfd7 24. Be7 Qe8 25. Qg3+ {Black resigns}
1-0